General information
- name: BNet
- type: Ladder team game (AT/RT)
- host: Battle.net
- saver: whatcdstaff4gs
map: Battleground
- players: 8
- length: 37:31
- speed: Fast
- version: 1.26 W3XP
- replay type: Public
» download(241 KB)
Players
team 1 (winner)
noobempireremix (
yellow | 57 APM | 1748 actions | 30:44)
5 Mountain King
3 Storm Bolt
2 Bash
4 Paladin
2 Holy Light
1 Divine Shield
1 Devotion Aura
» actions
| Assign group hotkey | 34 | |
| Basic commands | 178 | |
| Build / train | 77 | |
| Enter build submenu | 26 | |
| Enter hero's abilities submenu | 9 | |
| Give item / drop item | 2 | |
| Remove unit from queue | 1 | |
| Right click | 783 | |
| Select / deselect | 320 | |
| Select group hotkey | 193 | |
| Use ability | 125 | |
1748 total
» units
| Peasant | 9 | |
| Footman | 17 | |
| Spell Breaker | 6 | |
| Knight | 4 | |
36 total
» upgrades
| Defend | 1 | |
| Animal War Training | 1 | |
2 total
» buildings
| Farm | 11 | |
| Altar of Kings | 2 | |
| Barracks | 2 | |
| Lumber Mill | 1 | |
| Scout Tower | 1 | |
| Arcane Vault | 1 | |
| Guard Tower | 1 | |
| Keep | 1 | |
| Arcane Sanctum | 1 | |
| Castle | 1 | |
| Blacksmith | 1 | |
| Workshop | 3 | |
26 total
» build order
00:08 Farm
00:10 Altar of Kings
00:32 Barracks
00:34 Barracks
00:49 Farm
01:32 Farm
02:04 Lumber Mill
02:06 Scout Tower
02:21 Arcane Vault
03:10 Farm
03:16 Guard Tower
04:58 Farm
05:33 Keep
07:36 Farm
08:37 Arcane Sanctum
09:16 Castle
09:19 Blacksmith
11:18 Farm
18:38 Farm
21:13 Workshop
21:15 Workshop
21:19 Workshop
27:26 Altar of Kings
27:36 Farm
29:10 Farm
29:55 Farm
» items
| Boots of Speed | 4 | |
| Scroll of Regeneration | 8 | |
| Lesser Clarity Potion | 5 | |
| Scroll of Town Portal | 4 | |
| Potion of Healing | 1 | |
22 total
j0k3r (
pink | 30 APM | 1119 actions | 37:31)
4 Paladin
1 Holy Light
2 Divine Shield
1 Devotion Aura
3 Archmage
2 Summon Water Elemental
1 Brilliance Aura
» actions
| Assign group hotkey | 22 | |
| Basic commands | 32 | |
| Build / train | 67 | |
| ESC pressed | 6 | |
| Enter build submenu | 17 | |
| Enter hero's abilities submenu | 9 | |
| Give item / drop item | 6 | |
| Right click | 343 | |
| Select / deselect | 282 | |
| Select group hotkey | 271 | |
| Use ability | 64 | |
1119 total
» units
| Peasant | 11 | |
| Footman | 10 | |
| Knight | 21 | |
42 total
» upgrades
| Swords | 3 | |
| Plating | 3 | |
| Animal War Training | 1 | |
| Lumber Harvesting | 2 | |
9 total
» buildings
| Altar of Kings | 1 | |
| Farm | 13 | |
| Scout Tower | 1 | |
| Barracks | 3 | |
| Arcane Tower | 1 | |
| Keep | 1 | |
| Blacksmith | 1 | |
| Castle | 1 | |
| Lumber Mill | 1 | |
| Arcane Vault | 1 | |
| Town Hall | 3 | |
27 total
» build order
00:42 Altar of Kings
00:53 Farm
00:54 Farm
00:54 Farm
01:09 Scout Tower
01:38 Barracks
01:59 Arcane Tower
02:59 Keep
03:58 Blacksmith
04:34 Farm
04:36 Farm
04:37 Farm
06:22 Castle
08:21 Barracks
08:59 Barracks
09:09 Lumber Mill
10:45 Arcane Vault
10:57 Farm
10:58 Farm
10:59 Farm
11:07 Farm
11:07 Farm
11:08 Farm
17:06 Town Hall
23:31 Farm
34:51 Town Hall
34:57 Town Hall
» items
| Orb of Fire | 1 | |
| Scroll of Regeneration | 2 | |
| Scroll of Town Portal | 1 | |
4 total
whatcdstaff4gs (
green | 78 APM | 2928 actions | 37:31)
8 Mountain King
3 Storm Bolt
3 Bash
1 Avatar
1 Thunder Clap
» actions
| Assign group hotkey | 67 | |
| Basic commands | 393 | |
| Build / train | 155 | |
| ESC pressed | 4 | |
| Enter build submenu | 37 | |
| Enter hero's abilities submenu | 8 | |
| Give item / drop item | 6 | |
| Right click | 1020 | |
| Select / deselect | 309 | |
| Select group hotkey | 806 | |
| Use ability | 123 | |
2928 total
» units
| Peasant | 14 | |
| Footman | 5 | |
| Forest Troll Berserker | 1 | |
| Forest Troll Shadow Priest | 1 | |
| Dragonhawk Rider | 5 | |
| Gryphon Rider | 8 | |
34 total
» upgrades
| Masonry | 3 | |
| Swords | 3 | |
| Armor | 3 | |
| Animal War Training | 1 | |
| Storm Hammers | 1 | |
| Lumber Harvesting | 2 | |
| Cloud | 1 | |
14 total
» buildings
| Altar of Kings | 1 | |
| Barracks | 1 | |
| Farm | 10 | |
| Arcane Vault | 1 | |
| Lumber Mill | 2 | |
| Keep | 6 | |
| Blacksmith | 1 | |
| Castle | 3 | |
| Gryphon Aviary | 4 | |
| Town Hall | 1 | |
| Scout Tower | 18 | |
| Guard Tower | 59 | |
107 total
» build order
00:52 Altar of Kings
00:57 Barracks
00:59 Farm
01:08 Farm
01:12 Farm
02:13 Arcane Vault
02:27 Lumber Mill
03:49 Farm
03:52 Farm
04:55 Keep
04:56 Keep
04:56 Keep
04:56 Keep
06:18 Blacksmith
07:12 Farm
07:23 Castle
07:24 Castle
07:28 Gryphon Aviary
07:29 Gryphon Aviary
09:10 Farm
10:13 Town Hall
10:16 Scout Tower
10:19 Scout Tower
10:20 Scout Tower
10:21 Scout Tower
10:22 Scout Tower
10:23 Scout Tower
10:24 Scout Tower
10:25 Scout Tower
10:27 Scout Tower
10:28 Scout Tower
10:30 Scout Tower
10:47 Guard Tower
10:48 Guard Tower
10:48 Guard Tower
10:48 Guard Tower
10:56 Guard Tower
10:56 Guard Tower
10:56 Guard Tower
10:56 Guard Tower
11:11 Guard Tower
11:11 Guard Tower
11:11 Guard Tower
11:11 Guard Tower
11:12 Guard Tower
12:05 Guard Tower
12:05 Guard Tower
12:05 Guard Tower
12:08 Guard Tower
12:08 Guard Tower
12:08 Guard Tower
12:08 Guard Tower
12:09 Guard Tower
12:15 Guard Tower
12:15 Guard Tower
12:15 Guard Tower
12:15 Guard Tower
14:32 Guard Tower
14:38 Guard Tower
14:54 Scout Tower
15:00 Scout Tower
15:00 Scout Tower
15:25 Guard Tower
15:25 Guard Tower
15:50 Guard Tower
15:50 Guard Tower
15:50 Guard Tower
16:58 Guard Tower
16:59 Guard Tower
16:59 Guard Tower
17:01 Scout Tower
17:07 Scout Tower
17:07 Scout Tower
17:08 Scout Tower
17:33 Guard Tower
17:33 Guard Tower
17:34 Guard Tower
17:36 Guard Tower
17:36 Guard Tower
17:36 Guard Tower
17:58 Guard Tower
17:58 Guard Tower
17:58 Guard Tower
18:26 Gryphon Aviary
18:27 Gryphon Aviary
20:19 Farm
21:04 Farm
21:51 Farm
33:19 Lumber Mill
» items
| Periapt of Vitality | 1 | |
| Staff of Teleportation | 2 | |
| Scroll of Regeneration | 4 | |
| Lesser Clarity Potion | 1 | |
| Scroll of Town Portal | 1 | |
9 total
Wizigard (
blue | 40 APM | 1506 actions | 37:31)
6 Demon Hunter
2 Mana Burn
3 Evasion
1 Metamorphosis
» actions
| Build / train | 75 | |
| Enter build submenu | 23 | |
| Enter hero's abilities submenu | 6 | |
| Right click | 836 | |
| Select / deselect | 512 | |
| Use ability | 54 | |
1506 total
» units
| Wisp | 14 | |
| Archer | 29 | |
| Hippogryph | 15 | |
58 total
» upgrades
| Ultravision | 1 | |
| Moon Armor | 2 | |
| Improved Bows | 1 | |
| Strength of the Moon | 2 | |
| Hippogryph Taming | 1 | |
| Marksmanship | 1 | |
8 total
» buildings
| Altar of Elders | 1 | |
| Moon Well | 7 | |
| Ancient of War | 1 | |
| Tree of Ages | 1 | |
| Hunter's Hall | 1 | |
| Ancient of Wind | 2 | |
| Ancient Protector | 5 | |
| Tree of Life | 3 | |
| Tree of Eternity | 1 | |
| Ancient of Wonders | 1 | |
23 total
» build order
00:07 Altar of Elders
00:09 Moon Well
01:20 Ancient of War
01:43 Moon Well
02:22 Moon Well
03:29 Tree of Ages
03:58 Hunter's Hall
04:26 Moon Well
06:55 Ancient of Wind
07:10 Ancient Protector
08:46 Ancient of Wind
08:51 Moon Well
10:20 Ancient Protector
13:22 Moon Well
13:26 Ancient Protector
16:05 Tree of Life
16:07 Tree of Eternity
21:20 Ancient Protector
21:27 Moon Well
21:34 Ancient Protector
23:41 Ancient of Wonders
26:46 Tree of Life
36:30 Tree of Life
team 2 (loser)

»
Apollo (
red | 81 APM | 1282 actions | 15:50)
3 Mountain King
2 Storm Bolt
1 Bash
1 Paladin
1 Divine Shield
» actions
| Assign group hotkey | 198 | |
| Basic commands | 1 | |
| Build / train | 41 | |
| Enter build submenu | 17 | |
| Enter hero's abilities submenu | 4 | |
| Remove unit from queue | 1 | |
| Right click | 733 | |
| Select / deselect | 162 | |
| Select group hotkey | 81 | |
| Use ability | 44 | |
1282 total
» units
| Peasant | 8 | |
| Footman | 1 | |
| Rifleman | 7 | |
16 total
» upgrades
| Gunpowder | 1 | |
| Long Rifles | 1 | |
| Plating | 1 | |
3 total
» buildings
| Altar of Kings | 1 | |
| Farm | 6 | |
| Barracks | 2 | |
| Blacksmith | 2 | |
| Arcane Vault | 4 | |
| Keep | 2 | |
| Castle | 2 | |
19 total
» build order
00:18 Altar of Kings
00:51 Farm
01:29 Barracks
01:38 Barracks
01:42 Farm
01:58 Blacksmith
02:44 Blacksmith
02:58 Farm
02:58 Farm
03:53 Farm
04:49 Arcane Vault
06:43 Keep
06:43 Keep
08:33 Farm
11:06 Arcane Vault
11:12 Castle
11:13 Castle
12:04 Arcane Vault
13:58 Arcane Vault
» items
| Boots of Speed | 1 | |
| Scroll of Regeneration | 2 | |
| Lesser Clarity Potion | 2 | |
| Mechanical Critter | 4 | |
| Scroll of Town Portal | 1 | |
10 total
Carkeys (
orange | 95 APM | 1485 actions | 15:39)
3 Dark Ranger
2 Black Arrow
1 Life Drain
1 Naga Sea Witch
1 Frost Arrows
» actions
| Assign group hotkey | 114 | |
| Build / train | 65 | |
| Enter build submenu | 13 | |
| Enter hero's abilities submenu | 4 | |
| Give item / drop item | 3 | |
| Remove unit from queue | 8 | |
| Right click | 828 | |
| Select / deselect | 282 | |
| Select group hotkey | 114 | |
| Use ability | 54 | |
1485 total
» units
| Acolyte | 2 | |
| Ghoul | 7 | |
| Gargoyle | 5 | |
| Obsidian Statue | 2 | |
16 total
» buildings
| Crypt | 2 | |
| Ziggurat | 5 | |
| Altar of Darkness | 1 | |
| Halls of the Dead | 6 | |
| Graveyard | 1 | |
| Nerubian Tower | 1 | |
| Spirit Tower | 3 | |
| Tomb of Relics | 1 | |
| Slaughterhouse | 2 | |
| Black Citadel | 2 | |
24 total
» build order
00:12 Crypt
00:16 Crypt
00:38 Ziggurat
00:57 Altar of Darkness
02:08 Ziggurat
03:51 Halls of the Dead
03:52 Halls of the Dead
03:52 Halls of the Dead
03:52 Halls of the Dead
04:25 Ziggurat
04:30 Graveyard
04:33 Ziggurat
05:40 Ziggurat
05:53 Nerubian Tower
06:03 Spirit Tower
06:52 Tomb of Relics
11:41 Slaughterhouse
13:05 Black Citadel
13:05 Black Citadel
13:07 Slaughterhouse
13:15 Spirit Tower
13:15 Spirit Tower
» items
| Dust of Appearance | 1 | |
| Scroll of Town Portal | 1 | |
| Potion of Healing | 1 | |
| Scroll of Healing | 4 | |
| Scroll of Protection | 1 | |
| Potion of Lesser Invulnerability | 1 | |
9 total
KnightOfKuKIux (
teal | 65 APM | 2435 actions | 37:31)
7 Archmage
3 Summon Water Elemental
3 Brilliance Aura
1 Mass Teleport
2 Death Knight
1 Death Coil
1 Unholy Aura
1 Dreadlord
1 Vampiric Aura
1 Dark Ranger
1 Life Drain
1 Mountain King
1 Bash
1 Naga Sea Witch
1 Forked Lightning
» actions
| Assign group hotkey | 105 | |
| Basic commands | 100 | |
| Build / train | 96 | |
| Enter build submenu | 48 | |
| Enter hero's abilities submenu | 13 | |
| Give item / drop item | 3 | |
| Remove unit from queue | 3 | |
| Right click | 995 | |
| Select / deselect | 489 | |
| Select group hotkey | 444 | |
| Use ability | 139 | |
2435 total
» units
| Peasant | 24 | |
| Footman | 4 | |
| Dragonhawk Rider | 1 | |
| Gryphon Rider | 5 | |
| Frost Wyrm | 2 | |
| Acolyte | 4 | |
40 total
» upgrades
| Lumber Harvesting | 2 | |
| Masonry | 3 | |
| Freezing Breath | 1 | |
| Creature Attack | 1 | |
| Creature Carapace | 2 | |
| Storm Hammers | 1 | |
| Swords | 3 | |
| Armor | 3 | |
16 total
» buildings
| Altar of Kings | 1 | |
| Barracks | 1 | |
| Farm | 7 | |
| Scout Tower | 22 | |
| Keep | 1 | |
| Arcane Tower | 1 | |
| Arcane Vault | 2 | |
| Lumber Mill | 1 | |
| Gryphon Aviary | 6 | |
| Castle | 1 | |
| Town Hall | 2 | |
| Guard Tower | 4 | |
| Spirit Tower | 2 | |
| Blacksmith | 2 | |
| Ziggurat | 7 | |
| Necropolis | 1 | |
| Halls of the Dead | 1 | |
62 total
» build order
00:49 Altar of Kings
00:51 Barracks
00:55 Farm
00:56 Farm
01:05 Farm
01:22 Farm
01:55 Farm
02:50 Scout Tower
03:29 Keep
03:30 Arcane Tower
03:41 Arcane Vault
04:14 Lumber Mill
07:34 Gryphon Aviary
07:34 Gryphon Aviary
07:39 Gryphon Aviary
07:39 Gryphon Aviary
07:43 Castle
10:11 Town Hall
10:17 Scout Tower
10:17 Scout Tower
10:18 Scout Tower
10:18 Scout Tower
11:04 Guard Tower
12:02 Arcane Vault
12:06 Scout Tower
12:06 Scout Tower
12:06 Scout Tower
12:07 Scout Tower
13:33 Gryphon Aviary
13:38 Guard Tower
13:47 Scout Tower
13:48 Scout Tower
13:49 Scout Tower
13:50 Scout Tower
13:51 Scout Tower
13:52 Scout Tower
14:49 Guard Tower
14:56 Farm
14:57 Farm
17:59 Spirit Tower
21:41 Blacksmith
21:42 Blacksmith
22:02 Scout Tower
22:02 Scout Tower
22:03 Scout Tower
22:05 Scout Tower
22:07 Scout Tower
22:08 Scout Tower
22:08 Scout Tower
22:39 Ziggurat
22:40 Ziggurat
22:41 Ziggurat
24:11 Necropolis
24:18 Ziggurat
24:18 Ziggurat
24:18 Ziggurat
28:31 Guard Tower
29:38 Town Hall
31:30 Spirit Tower
36:08 Halls of the Dead
» items
| Scroll of Regeneration | 6 | |
| Mechanical Critter | 2 | |
| Scroll of Town Portal | 2 | |
| Potion of Healing | 2 | |
| Staff of Sanctuary | 1 | |
13 total

»
jjjjj (
purple | 88 APM | 1356 actions | 15:29)
4 Dreadlord
2 Sleep
2 Vampiric Aura
2 Death Knight
1 Death Coil
1 Unholy Aura
» actions
| Assign group hotkey | 25 | |
| Basic commands | 63 | |
| Build / train | 52 | |
| Enter build submenu | 20 | |
| Enter hero's abilities submenu | 9 | |
| Give item / drop item | 2 | |
| Remove unit from queue | 6 | |
| Right click | 495 | |
| Select / deselect | 245 | |
| Select group hotkey | 351 | |
| Use ability | 88 | |
1356 total
» units
| Acolyte | 4 | |
| Ghoul | 10 | |
| Forest Troll Shadow Priest | 2 | |
| Forest Troll Berserker | 1 | |
| Frost Wyrm | 4 | |
21 total
» upgrades
| Cannibalize | 1 | |
| Ghoul Frenzy | 1 | |
| Creature Attack | 2 | |
| Creature Carapace | 1 | |
5 total
» buildings
| Crypt | 1 | |
| Ziggurat | 6 | |
| Altar of Darkness | 1 | |
| Tomb of Relics | 1 | |
| Halls of the Dead | 1 | |
| Graveyard | 1 | |
| Black Citadel | 1 | |
| Sacrificial Pit | 1 | |
| Boneyard | 3 | |
16 total
» build order
00:07 Crypt
00:18 Ziggurat
00:39 Altar of Darkness
00:58 Tomb of Relics
01:31 Ziggurat
02:29 Ziggurat
04:19 Halls of the Dead
04:41 Graveyard
06:22 Ziggurat
07:18 Black Citadel
08:05 Ziggurat
08:45 Sacrificial Pit
10:35 Boneyard
10:37 Boneyard
12:14 Boneyard
13:04 Ziggurat
» items
| Rod of Necromancy | 2 | |
| Scroll of Town Portal | 3 | |
5 total
Chat log
(00:07 / Allies) j0k3r: knights
(00:11 / Allies) noobempireremix: rush
(00:13 / Allies) noobempireremix: at level 3
(00:14 / Allies) Wizigard: arch
(00:19 / All) KnightOfKuKIux: subway sux
(00:21 / Allies) whatcdstaff4gs: I think that's called cc yellow
(00:24 / All) KnightOfKuKIux: taste like foam
(00:36 / Allies) Wizigard: rush with 4 units ?;p
(00:43 / Allies) noobempireremix: k
(01:02 / Allies) j0k3r: someone on AA im all melee
(01:11 / Allies) Wizigard: ill try arch hipogr
(01:33 / All) KnightOfKuKIux: plus they don't offer mushrooms
(01:39 / All) KnightOfKuKIux: like what's up with that
(01:56 / Allies) noobempireremix: that looks like a rush
(01:57 / Allies) j0k3r: lol
(01:57 / Allies) noobempireremix: 2 rax
(02:03 / Allies) j0k3r: hmm
(02:09 / Allies) Wizigard: hm
(02:11 / Allies) Wizigard: what now ?
(02:18 / Allies) j0k3r: \im not rushing btw
(02:20 / Allies) j0k3r: im CC'ing
(02:23 / Allies) Wizigard: :c
(02:24 / Allies) whatcdstaff4gs: I cc too
(02:35 / Allies) Wizigard: :cc
(02:41 / Allies) j0k3r: lol
(02:43 / Allies) Wizigard: ok
(02:45 / Allies) Wizigard: i cc too then
(02:49 / Allies) Wizigard: fk it
(02:56 / Allies) j0k3r: :D
(03:35 / All) KnightOfKuKIux: I almost killed my own footie
(05:28 / Allies) Wizigard: hero
(05:29 / Allies) Wizigard: heal
(05:31 / All) whatcdstaff4gs: lucky you stole the worst aura item lawl
(05:33 / Allies) Wizigard: cool
(05:40 / All) jjjjj: you got it
(06:01 / All) Wizigard: aw
(06:07 / Allies) j0k3r: b
(06:08 / Allies) j0k3r: b
(06:16 / Allies) Wizigard: ok
(06:46 / Allies) Wizigard: hes alone
(08:23 / Allies) j0k3r: b
(09:12 / Allies) noobempireremix: come plz
(09:17 / Allies) j0k3r: where
(10:28 / Allies) j0k3r: imj b
(10:31 / Allies) j0k3r: b
(11:48 / All) whatcdstaff4gs: Dragon lived with 40 hp
(11:49 / All) whatcdstaff4gs: gay
(11:55 / All) Wizigard: lol
(12:11 / All) Wizigard: were u goin oj ? :o
(12:51 / Allies) whatcdstaff4gs: wood?
(13:18 / Allies) whatcdstaff4gs: ty
(14:43 / All) whatcdstaff4gs: noob red?
(14:46 / Allies) noobempireremix: main
(14:50 / All) whatcdstaff4gs: I think you guys got a noob on your team
(14:56 / All) Wizigard: they all play strange
(14:57 / All) noobempireremix: ...
(15:14 / All) noobempireremix: i got him at the start
(15:31 / All) Wizigard: like drive
(15:36 / All) Wizigard: gargs into gryphs
(15:53 / Allies) whatcdstaff4gs: wood me?
(15:59 / Allies) Wizigard: its over :P
(16:00 / Allies) whatcdstaff4gs: lumber hoarder yellow you have 2k
(16:01 / Allies) whatcdstaff4gs: spare some
(16:20 / Allies) whatcdstaff4gs: Wood
(16:21 / Allies) whatcdstaff4gs: share some
(16:22 / All) Wizigard: :O
(16:24 / Allies) Wizigard: time for bs
(16:30 / Allies) whatcdstaff4gs: 600
(16:31 / Allies) whatcdstaff4gs: lol
(16:33 / Allies) whatcdstaff4gs: are you joking
(16:44 / Allies) whatcdstaff4gs: christ man
(16:49 / Allies) whatcdstaff4gs: you are lumber hoarder to the extreme
(16:57 / Allies) noobempireremix: im sorry
(17:03 / Allies) whatcdstaff4gs: yeah you are
(18:50 / All) Wizigard: lol
(18:51 / Allies) noobempireremix: we need aa
(18:55 / Allies) j0k3r: get AA~~~
(18:59 / Allies) Wizigard: i got aa
(19:39 / Allies) j0k3r: get real AA though
(20:01 / Allies) Wizigard: i got
(20:05 / Allies) Wizigard: if u want u can get more tho
(20:17 / Allies) noobempireremix: green is having fun team killing right now btw
(20:25 / Allies) Wizigard: damn
(20:29 / Allies) Wizigard: where
(20:36 / Allies) Wizigard: lol
(20:37 / Allies) Wizigard: ok
(20:43 / Allies) Wizigard: ok ok
(20:44 / Allies) Wizigard: take it
(20:45 / Allies) j0k3r: green what you doin man
(20:51 / Allies) whatcdstaff4gs: Lumber hoarder team
(20:52 / Allies) Wizigard: he is having fun
(20:55 / Allies) Wizigard: what
(20:59 / Allies) Wizigard: i gave u lumber man
(20:59 / Allies) j0k3r: give him some wood dam
(21:00 / Allies) whatcdstaff4gs: yeah I am
(21:02 / Allies) Wizigard: and thats wha i get ?
(21:12 / Allies) Wizigard: ill never give u lumber again
(21:16 / Allies) Wizigard: pheh..
(21:28 / Allies) whatcdstaff4gs: I'm using all the wood I was given well to ensure LUMBER HOARDS DIE!
(21:41 / Allies) Wizigard: man i gave u wood
(21:44 / Allies) j0k3r: cmon man
(21:48 / Allies) Wizigard: and this is ur thanx ?
(21:56 / Allies) whatcdstaff4gs: It's mainly on yellow
(21:57 / Allies) Wizigard: u know how i feel now /
(22:03 / Allies) whatcdstaff4gs: he had 2k and I had to be like WTF for him to give any
(22:07 / Allies) Wizigard: but u wiped out everything i got
(22:19 / Allies) noobempireremix: sorry but i wasnt paying attention
(22:23 / Allies) Wizigard: but mah i
(22:28 / Allies) Wizigard: i once saw briliant bs
(22:28 / Allies) whatcdstaff4gs: You best be sorry yellow
(22:32 / Allies) Wizigard: man made trees everywhere
(22:35 / Allies) whatcdstaff4gs: You should be apologising to blue and pink right now
(22:36 / Allies) noobempireremix: i am
(22:38 / Allies) Wizigard: and then tkilled everyone with em
(22:38 / Allies) whatcdstaff4gs: we did that lol
(22:39 / Allies) Wizigard: and we lost
(22:41 / Allies) whatcdstaff4gs: me and teal did that
(22:42 / Allies) Wizigard: but it took hours
(22:44 / All) whatcdstaff4gs: lol
(22:45 / Allies) Wizigard: and was sooo great
(22:46 / All) whatcdstaff4gs: Blue remembers
(22:48 / All) whatcdstaff4gs: when we tree tked
(22:49 / All) whatcdstaff4gs: as nelf
(22:51 / All) whatcdstaff4gs: he's talking about it
(22:59 / Allies) j0k3r: ...?
(23:00 / Allies) Wizigard: i
(23:03 / Allies) Wizigard: great memories
(23:06 / Allies) Wizigard: but it wasnt u
(23:08 / Allies) Wizigard: it was years ago
(23:09 / Allies) whatcdstaff4gs: Yeah it was
(23:11 / Allies) Wizigard: many years
(23:13 / Allies) whatcdstaff4gs: We've been doing this forever
(23:15 / Allies) whatcdstaff4gs: what year
(23:20 / Allies) Wizigard: duno
(23:23 / Allies) Wizigard: before 2011
(23:27 / Allies) whatcdstaff4gs: well we've been doing this since before 2011
(23:30 / Allies) whatcdstaff4gs: so sounds like it was us
(23:40 / Allies) whatcdstaff4gs: We've done a few nelf tks like that
(23:46 / Allies) Wizigard: but back then we lost
(23:51 / Allies) Wizigard: but it was a great loss
(23:53 / Allies) whatcdstaff4gs: we had a fullscale game a year or two ago with trees all over lawl
(24:00 / Allies) Wizigard: it was such bs it made me proud
(24:03 / All) KnightOfKuKIux: where's orange 1 food at
(24:13 / All) KnightOfKuKIux: found it
(24:15 / All) Wizigard: orange died
(24:19 / All) Wizigard: i killed oranges
(24:20 / Allies) whatcdstaff4gs: check out some of our games at highper.ch we get a lot of mediocre games like this but some great ones like tree tks too
(24:23 / All) KnightOfKuKIux: nope
(24:30 / All) whatcdstaff4gs: Blue is a fan he remembers our tree tk
(24:38 / All) Wizigard: i was err
(24:41 / All) Wizigard: participant
(24:48 / All) KnightOfKuKIux: tp to blues
(25:00 / All) whatcdstaff4gs: omw
(25:04 / Allies) j0k3r: cmon green you serious..
(25:06 / All) Wizigard: lool bad target :P
(25:13 / All) Wizigard: noooo
(25:23 / All) Wizigard: lol
(25:29 / All) Wizigard: man i'm laughing
(25:32 / All) Wizigard: even tho i should cry
(25:39 / All) Wizigard: at least leave me whisps
(25:46 / All) KnightOfKuKIux: die
(25:52 / All) Wizigard: why ?
(25:52 / All) whatcdstaff4gs: Archers are such a bitch to attack lawl
(25:54 / All) whatcdstaff4gs: and hippos
(25:56 / All) whatcdstaff4gs: they are so small
(26:13 / Allies) j0k3r: we coulda won this
(26:16 / All) whatcdstaff4gs: no you couldn't
(26:19 / All) Wizigard: we can
(26:21 / All) whatcdstaff4gs: it was rigged from the start pink
(26:23 / All) Wizigard: but we need aa and tower
(26:32 / All) whatcdstaff4gs: His team left
(26:34 / Allies) Wizigard: m
(26:35 / All) whatcdstaff4gs: so our team must lose
(26:36 / All) Wizigard: much tower
(26:50 / All) whatcdstaff4gs: what a treat for you
(26:52 / All) whatcdstaff4gs: pink has only knights
(27:04 / All) Wizigard: but man
(27:10 / All) Wizigard: you shouldnt kill urself
(27:13 / All) Wizigard: and do 1v1 at the end
(27:16 / All) whatcdstaff4gs: 100 food human about to die just like that
(27:18 / All) Wizigard: i want to improve score
(27:35 / All) whatcdstaff4gs: 13-18 lawl
(27:37 / All) whatcdstaff4gs: Blue needs this win
(27:47 / All) Wizigard: ye
(27:50 / All) Wizigard: got few dcs
(27:56 / All) Wizigard: few times lift, few sucked
(28:11 / Allies) noobempireremix: i wonder if u could take them alone green
(28:15 / Allies) noobempireremix: like the 3 of them
(28:19 / Allies) whatcdstaff4gs: I told you
(28:21 / Allies) Wizigard: he can kill everyone i guess
(28:23 / Allies) whatcdstaff4gs: Teal is my friend
(28:26 / Allies) whatcdstaff4gs: His team left
(28:28 / Allies) whatcdstaff4gs: so ours loses
(28:30 / Allies) whatcdstaff4gs: If both teams stay
(28:32 / Allies) whatcdstaff4gs: then there's a standoff
(28:39 / Allies) whatcdstaff4gs: but if one team all leaves, the other has to lose
(28:41 / Allies) noobempireremix: ahh
(28:42 / Allies) whatcdstaff4gs: that's how it works
(28:47 / Allies) noobempireremix: true
(28:52 / Allies) Wizigard: how long have u been playing like that ?
(28:59 / Allies) j0k3r: lol..
(29:03 / Allies) whatcdstaff4gs: forever
(29:10 / Allies) whatcdstaff4gs: since wc3's prime time
(29:17 / Allies) Wizigard: this is unbelievable
(29:18 / Allies) Wizigard: hmm
(29:24 / Allies) Wizigard: shame they removed maps
(29:29 / Allies) Wizigard: where you started 2 together
(29:33 / Allies) Wizigard: in clusters
(29:38 / Allies) j0k3r: friends?
(29:40 / Allies) whatcdstaff4gs: Friends was a cool map
(29:42 / Allies) Wizigard: hmm
(29:44 / Allies) j0k3r: do they still have that map?
(29:46 / Allies) Wizigard: i guess yes
(29:48 / Allies) whatcdstaff4gs: one time we tked everyone and then mined that whole map out
(29:54 / Allies) Wizigard: lol
(29:56 / Allies) whatcdstaff4gs: so many hundreds of thousands of gold
(30:16 / Allies) Wizigard: i want wc4
(30:21 / Allies) j0k3r: oh ya that mass gold map
(30:23 / Allies) Wizigard: the lore of wow discarded
(30:24 / Allies) j0k3r: what was that called?
(30:24 / Allies) whatcdstaff4gs: It'll be like SC2 and built for esports
(30:25 / Allies) Wizigard: and wc4
(30:27 / Allies) whatcdstaff4gs: gold rush?
(30:35 / Allies) j0k3r: how come we dont play friends anymore? ya gold rush why not that one either?
(30:42 / Allies) whatcdstaff4gs: they removed them from the map pool
(30:43 / All) noobempireremix: gg
(30:44 / Allies) Wizigard: duno
(30:46 / Allies) Wizigard: i played ffa
(30:46 / Allies) whatcdstaff4gs: they gave us a new map pool a few years ago
(30:48 / Allies) j0k3r: :(
(30:50 / Allies) Wizigard: on gold rush
(30:52 / Allies) whatcdstaff4gs: then they gave us a new one early last year
(30:55 / Allies) whatcdstaff4gs: but solo players whined
(30:58 / Allies) whatcdstaff4gs: that it wasi mbalanced
(31:03 / Allies) j0k3r: oh
(31:04 / Allies) whatcdstaff4gs: so they reverted all of them to this shitty one
(31:09 / Allies) Wizigard: hm
(31:10 / Allies) whatcdstaff4gs: we had northshire and stuff
(31:16 / Allies) j0k3r: dang
(31:16 / All) whatcdstaff4gs: finish pink's stuff
(31:18 / All) whatcdstaff4gs: and yellow's
(31:22 / Allies) Wizigard: where you can vote and such ?
(31:28 / Allies) whatcdstaff4gs: lol hell no
(31:34 / Allies) whatcdstaff4gs: this game is ancient blizz doesn't give a shit
(31:35 / Allies) Wizigard: i'd really like friends map back
(31:41 / Allies) j0k3r: that is true
(31:42 / Allies) whatcdstaff4gs: they don't listen to complaints
(31:48 / Allies) Wizigard: hm
(31:53 / Allies) Wizigard: but what a shame
(31:57 / Allies) Wizigard: i play wow now
(31:59 / Allies) Wizigard: for few months
(32:04 / Allies) Wizigard: but this is more addicting
(32:05 / Allies) whatcdstaff4gs: I'm so sorry
(32:10 / Allies) j0k3r: but why take away friends??
(32:12 / Allies) whatcdstaff4gs: that you had to play wow for a few months
(32:14 / Allies) Wizigard: i'm glad to see more players here
(32:15 / Allies) j0k3r: was a diff map
(32:18 / Allies) j0k3r: to switch things up
(32:26 / All) KnightOfKuKIux: I think if you didn't have units at red's my team could have helped him
(32:29 / Allies) whatcdstaff4gs: cuz we need more generic 1 expo rush maps
(32:32 / All) KnightOfKuKIux: but they wouldn't tp
(32:33 / Allies) whatcdstaff4gs: like all the new ones with zero personality
(32:38 / All) KnightOfKuKIux: I didn't have enough defenses
(32:42 / All) KnightOfKuKIux: as the next base
(32:50 / All) Wizigard: well
(32:54 / All) Wizigard: your team was weird
(32:59 / Allies) whatcdstaff4gs: They said they'd give us another pool when they reverted it
(33:01 / All) Wizigard: orange did weird stuff at market
(33:01 / Allies) whatcdstaff4gs: but they never did
(33:13 / Allies) Wizigard: hm
(33:39 / Allies) Wizigard: that tree rush
(33:43 / Allies) Wizigard: i mean no
(33:47 / Allies) Wizigard: that tree ks was memorable
(33:48 / Allies) Wizigard: hmm
(33:54 / Allies) whatcdstaff4gs: We have a lot of memorable games
(33:56 / Allies) Wizigard: buut i'm not a type to do that stuff
(33:59 / Allies) Wizigard: so
(34:05 / Allies) Wizigard: what was that link again ?
(34:07 / Allies) Wizigard: to page ?
(34:15 / Allies) whatcdstaff4gs: highper.ch we upload all our games there
(34:47 / Allies) Wizigard: lol
(34:53 / All) whatcdstaff4gs: pink rebuilding bottom right
(34:56 / Allies) Wizigard: games since 2009
(35:03 / Allies) whatcdstaff4gs: we go way back
(35:11 / Allies) whatcdstaff4gs: there's 3 of us
(35:15 / Allies) Wizigard: winter
(35:21 / Allies) Wizigard: was a kid then
(35:27 / Allies) Wizigard: did not know what moron ment
(35:33 / All) KnightOfKuKIux: fucking clown
(35:33 / Allies) Wizigard: but wc tought me a lot
(35:38 / All) KnightOfKuKIux: joker
(35:40 / Allies) whatcdstaff4gs: some of us stabbed back then too but I wasn't around back then for it
(35:42 / All) j0k3r: ?
(35:44 / All) Wizigard: nah, hes well
(35:48 / All) KnightOfKuKIux: nigger
(35:48 / All) Wizigard: he has tough root
(35:52 / All) j0k3r: lolll
(35:58 / All) KnightOfKuKIux: I earned this iwn
(36:00 / Allies) Wizigard: ur friend is rude
(36:01 / All) KnightOfKuKIux: stop the funny business
(36:05 / Allies) whatcdstaff4gs: lawl
(36:07 / All) j0k3r: lol
(36:08 / Allies) Wizigard: pink should be praised
(36:09 / Allies) whatcdstaff4gs: we shit talk everyone really
(36:14 / All) j0k3r: too much wc3 dudes~~
(36:20 / Allies) j0k3r: blue
(36:21 / Allies) Wizigard: ah
(36:22 / Allies) j0k3r: make a tree
(36:26 / Allies) j0k3r: and hide it
(36:32 / Allies) Wizigard: lol
(36:33 / Allies) Wizigard: ok
(36:38 / Allies) j0k3r: hahaha
(36:39 / All) whatcdstaff4gs: They trying to tree hide
(36:39 / Allies) Wizigard: we did this once
(36:41 / Allies) Wizigard: loong ago
(36:47 / Allies) Wizigard: we hid tree so well
(36:51 / Allies) j0k3r: yee
(36:51 / Allies) whatcdstaff4gs: any last words?
(36:53 / Allies) Wizigard: we had heroes alive
(36:57 / Allies) Wizigard: damn
(37:02 / All) Wizigard: gg !!!
(37:06 / Allies) whatcdstaff4gs: oh yeah we've done tree hiding a lot too
(37:13 / Allies) whatcdstaff4gs: and had games that last hours with it
(37:16 / Allies) whatcdstaff4gs: you can get a 50% account tree hiding
(37:18 / Allies) Wizigard: ye
(37:26 / Allies) whatcdstaff4gs: usually doesn't work 4v4
(37:26 / Allies) Wizigard: hm